 Dungeon Crawl Stone Soup version 0.20-a0-501-g0de2c2e (webtiles) character file.

525 HEYYEYAAE the Cudgeler (level 7, -2/70 HPs)
             Began as a Troll Berserker on Jan 20, 2017.
             Was a Believer of Trog.
             Killed by divine providence
             ... invoked by an orc priest
              (17 damage)
             ... on level 3 of the Dungeon.
             The game lasted 00:02:17 (1433 turns).

HEYYEYAAE the Cudgeler (Troll Berserker)            Turns: 1433, Time: 00:02:18

Health: -2/70      AC:  5    Str: 28    XL:     7   Next: 2%
Magic:  6/6        EV: 11    Int:  3    God:    Trog [**....]
Gold:   232        SH:  0    Dex:  9    Spells: 6/6 levels left

rFire    . . .     SeeInvis .   n - +0 flail
rCold    . . .     Gourm    +   b - +0 animal skin
rNeg     . . .     Faith    .   (no shield)
rPois    .         Spirit   .   (helmet restricted)
rElec    .         Reflect  .   (no cloak)
rCorr    .         Harm     .   (gloves unavailable)
MR       ++...                  (boots unavailable)
Stlth    +.........             (no amulet)
Regen    1.7/turn               (no ring)
                                (no ring)

@: exhausted, regenerating, slowed, very slow
A: unfitting armour, claws 3, fast metabolism 3, gourmand, regeneration 1,
shaggy fur 1, tough skin 2
a: Berserk, Trog's Hand, Burn Spellbooks, Renounce Religion


You were on level 3 of the Dungeon.
You worshipped Trog.
Trog was pleased with you.
You were very full.

You visited 1 branch of the dungeon, and saw 4 of its levels.

You collected 232 gold pieces.

Inventory:

Hand Weapons
 a - a +0 mace
 n - a +0 flail (weapon)
Armour
 b - a +0 animal skin (worn)
Scrolls
 d - a scroll of fear {unknown}
 e - 2 scrolls of enchant armour {unknown}
 f - 3 scrolls of identify {unknown}
 h - a scroll of remove curse {unknown}
 j - a scroll of amnesia {unknown}
 k - a scroll of noise {unknown}
 l - a scroll of enchant weapon {unknown}
 p - a scroll of random uselessness {unknown}
Potions
 g - a potion of flight {unknown}
 i - a potion of haste {unknown}
 m - a potion of cure mutation {unknown}
Comestibles
 c - 3 bread rations


   Skills:
 + Level 4.2 Fighting
 * Level 4.6 Maces & Flails
 + Level 2.1 Armour
 + Level 3.6 Dodging


You had 6 spell levels left.
You didn't know any spells.

Dungeon Overview and Level Annotations

Branches:
Dungeon (4/15)
 Temple: D:4-7

Altars:
Trog


Innate Abilities, Weirdness & Mutations

You are too large for most types of armour.
You have claws for hands.
Your metabolism is lightning-fast.
You like to eat raw meat.
Your natural rate of healing is unusually fast.
You are covered in fur. (AC +1)
You have very tough skin. (AC +2)


Message History

* * * LOW HITPOINT WARNING * * *
The orc priest hits you with a dagger.
* * * LOW HITPOINT WARNING * * *
The orc wizard hits you but does no damage.
Unknown command.
You hit the orc priest.
The orc priest is severely wounded.
The orc wizard closely misses you. The orc priest barely misses you.
The orc wizard hits you with a dagger.
* * * LOW HITPOINT WARNING * * *
The orc wizard closely misses you. The orc priest hits you with a dagger.
* * * LOW HITPOINT WARNING * * *
The orc wizard hits you but does no damage.
You hit the orc priest.
The orc priest is severely wounded.
The orc wizard barely misses you.
The orc wizard hits you but does no damage.
The orc priest calls down the wrath of Beogh upon you.
Beogh smites you!
You die...

#.# # #.# .## #####
#.# ...# #...#
##.##....# #...#
#......... #...#
#..###########...#
#............'...'
###o######.#####...#
#.)@o...............
#...o#[###.#########
#....#.# #..
######o# #.. #o#
#... #.# #... #..
#.# ###


You could see an orc priest and 2 orc wizards.

Vanquished Creatures
  Grinder (D:3)
  An orc warrior (D:3)
  An orc wizard (D:3)
  Ijyb (D:2)
  Natasha (D:3)
  4 gnolls (D:3)
  8 adders (D:2)
  2 worms (D:2)
  2 dart slugs (D:2)
  5 orcs (D:3)
  A ball python (D:3)
  A giant cockroach (D:3)
  3 goblins
  6 hobgoblins
  2 jackals (D:3)
  3 kobolds
  5 bats
  2 frilled lizards
  8 rats
57 creatures vanquished.

Notes
Turn   | Place    | Note
-------+----------+-------------------------------------------
     0 | D:1      | HEYYEYAAE the Troll Berserker began the quest for the Orb.
     0 | D:1      | Reached XP level 1. HP: 22/22 MP: 0/0
   149 | D:1      | Reached XP level 2. HP: 28/29 MP: 1/1
   413 | D:2      | Reached XP level 3. HP: 34/37 MP: 2/2
   600 | D:2      | Reached XP level 4. HP: 45/45 MP: 3/3
   617 | D:2      | Reached ** piety under Trog
   696 | D:2      | Noticed Ijyb
   727 | D:2      | Killed Ijyb
   727 | D:2      | Reached skill level 1 in Armour
   949 | D:2      | Reached XP level 5. HP: 53/53 MP: 4/4
   987 | D:3      | Noticed Natasha
   990 | D:3      | Killed Natasha
  1017 | D:3      | HP: 1/81 [gnoll/flail (10)]
  1096 | D:3      | Found a bloodstained altar of Trog.
  1258 | D:3      | Noticed Grinder
  1271 | D:3      | Killed Grinder
  1271 | D:3      | Reached XP level 6. HP: 10/62 MP: 5/5
  1317 | D:3      | Noticed an orc warrior
  1422 | D:3      | Killed an orc warrior
  1422 | D:3      | Reached XP level 7. HP: 70/70 MP: 6/6
  1433 | D:3      | Killed from afar by an orc priest

Vault maps used:
D:1:      nicolae_arrival_memento_mori
D:2:      minmay_pentomino_u2, uniq_iyjb
D:3:      old_standard_altar, bloody_trog, first_bread, uniq_crazy_yiuf_cottage,
          uniq_natasha, uniq_grinder, uniq_purgy
D:4:      wad_river_or_something, yredelemnul_forgotten_temple_becter,
          hangedman_decor_push, uniq_robin, uniq_menkaure

Skill      XL: |  1  2  3  4  5  6 |
---------------+-------------------+-----
Maces & Flails | 3 4 |  4.6
Fighting       | 3 4 |  4.2
Armour         | 1 2 |  2.1
Dodging        | 3 |  3.6

Action                   |  1- 3 |  4- 6 |  7- 9 || total
-------------------------+-------+-------+-------++-------
Melee: Mace              |    74 |    83 |       ||   157
       Flail             |       |    81 |    10 ||    91
Invok: Berserk           |     1 |     6 |       ||     7
       Trog's Hand       |       |     1 |     1 ||     2
  Eat: Chunk             |     8 |    17 |       ||    25
Armor: Animal skin       |    44 |    68 |     7 ||   119
Dodge: Dodged            |    56 |   142 |    12 ||   210
